 Dungeon Crawl Stone Soup version 0.31-a0-152-g6aa68a64a1 (webtiles) character file.

Game seed: 17195011207593576159

205 qw the Shooter (level 5, -2/46 HPs)
             Began as a Minotaur Hunter on June 9, 2023.
             Slain by an orc
             ... wielding a +0 flail
              (6 damage)
             ... on level 4 of the Dungeon.
             The game lasted 00:01:10 (2457 turns).

qw the Shooter (Minotaur Hunter)                    Turns: 2457, Time: 00:01:10

Health: -2/46      AC:  7    Str: 15    XL:     5   Next: 53%
Magic:  4/4        EV: 12    Int:  6    God:
Gold:   211        SH:  0    Dex: 16    Spells: 4/4 levels left

rFire   . . .        Y - +0 shortbow
rCold   . . .        (shield currently unavailable)
rNeg    . . .        c - +0 leather armour
rPois   .            (helmet restricted)
rElec   .            g - +2 cloak
rCorr   +            e - +0 pair of gloves
SInv    .            (no boots)
Will    .....        (no amulet)
Stlth   +            b - ring of resist corrosion
HPRegen 0.27/turn    (no ring)
MPRegen 0.09/turn

%: no passive effects
@: lethally poisoned (-2 -> -4)
A: horns 2, retaliatory headbutt
a: no special abilities


You were on level 4 of the Dungeon.
You visited 1 branch of the dungeon, and saw 4 of its levels.

You collected 211 gold pieces.


Innate Abilities, Weirdness & Mutations

You have a pair of horns on your head.
You reflexively headbutt those who attack you in melee.


   Skills:
 - Level 4.0 Fighting
 + Level 6.8 Ranged Weapons
 - Level 1.0 Armour
 - Level 2.1 Dodging
 - Level 0.7 Stealth


You had 4 spell levels left.
You didn't know any spells.
Your spell library was empty.

Inventory:

Hand Weapons
 Y - a +0 shortbow (weapon)
Armour
 c - a +0 leather armour (worn)
 e - a +0 pair of gloves (worn)
 g - a +2 cloak (worn)
Jewellery
 b - a ring of resist corrosion (left hand)
Scrolls
 a - a scroll of identify
 d - a scroll of fear {unknown}
Potions
 f - a potion of heal wounds {unknown}

Dungeon Overview and Level Annotations

Branches:
Dungeon (4/15)             Temple (0/1) D:4

Altars:
Qazlal


Message History

You are poisoned.
You feel sick.
The orc wizard hits you but does no damage.
You feel sick. The orc wizard barely misses you.
You feel sick. The orc wizard barely misses you.
You feel sick. The orc wizard completely misses you.
You feel less confused.
You feel sick.
The orc wizard hits you with a +0 dagger of venom.
You shoot an arrow.
The arrow hits the orc wizard but does no damage.
The orc wizard is heavily wounded.
You feel sick.
The orc wizard points at you and mumbles some strange words.
The magic dart hits you.
You shoot an arrow.
The arrow hits the orc wizard but does no damage.
The orc wizard is heavily wounded.
You hear the brisk rusting of a distant drain.
You feel sick.
You are no longer poisoned.
The orc wizard points at you and mumbles some strange words.
The magic dart hits you.
You shoot an arrow. The arrow hits the orc wizard.
The orc wizard is severely wounded.
The orc wizard hits you but does no damage.
You are poisoned.
You shoot an arrow. The arrow hits the orc wizard.
You kill the orc wizard!
You feel very sick.
You shoot an arrow. The arrow barely misses the orc.
You feel sick. The orc hits you with a +0 flail.
You shoot an arrow. The arrow barely misses the orc.
You feel sick. The orc hits you with a +0 flail!
You shoot an arrow. The arrow closely misses the orc.
You feel sick. The orc hits you but does no damage.
You shoot an arrow. The arrow barely misses the orc.
You feel sick. The orc hits you but does no damage.
The orc hits you with a +0 flail.
You die...

#########...####+#######
............'...........
########....####.#######
#....# #.# #....# #.#
###....# #.#
##.8.#..####.#######
#.......##..........
#8.>.8..##[#@#######
#.....####.#o#
###.8.##### ..$
#.........###.##
####...........#.#
..##.........#.#.#
#..#.........#.#.#
##..##########.#.# ##.##
#.#


You could see an orc.

Vanquished Creatures
  An orc wizard (D:4)
  7 adders
  2 worms
  2 dart slugs
  4 orcs
  5 ball pythons
  13 endoplasms
  4 giant cockroaches
  6 goblins
  9 hobgoblins
  10 jackals
  7 quokkas
  8 bats
  4 frilled lizards
  7 kobolds
  6 rats
95 creatures vanquished.

Vanquished Creatures (others)
  2 ghouls (D:1)
  2 octopodes (D:1)
  An elf (D:1)
  A troll (D:1)
  A merfolk (D:1)
  A formicid (D:1)
  A human (D:1)
  2 nagas (D:1)
  A demigod (D:1)
  A dwarf (D:1)
  An ogre (D:1)
  A kobold (D:1)
  4 tentacles (D:1)
19 creatures vanquished.

Grand Total: 114 creatures vanquished

Notes
Turn   | Place    | Note
-------+----------+-------------------------------------------
     0 | D:1      | qw the Minotaur Hunter began the quest for the Orb.
     0 | D:1      | Reached XP level 1. HP: 18/18 MP: 0/0
     0 | D:1      | 0 ||| qw: Version: 0.2-a-122-gbc61b45
     0 | D:1      | 0 ||| qw: Game counter: 3465
     0 | D:1      | 0 ||| qw: Always use a shield: true
     0 | D:1      | 0 ||| qw: God list: Okawaru
     0 | D:1      | 0 ||| qw: Allow faded altars: false
     0 | D:1      | 0 ||| qw: Do Orc after D:15 true
     0 | D:1      | 0 ||| qw: Do second Lair branch before Depths: true
     0 | D:1      | 0 ||| qw: Lair rune preference: random
     0 | D:1      | 0 ||| qw: Plans: Normal
     0 | D:1      | 0 ||| PLANNING D:1-11
     2 | D:1      | Killed an elf
     5 | D:1      | Noticed an octopode
     5 | D:1      | Noticed a merfolk
     5 | D:1      | Noticed a formicid
     5 | D:1      | Noticed a demigod
     5 | D:1      | Noticed an ogre
     5 | D:1      | Noticed a dwarf
     5 | D:1      | Noticed a kraken
     5 | D:1      | Noticed an octopode
     5 | D:1      | Noticed a troll
     5 | D:1      | Noticed a ghoul
     5 | D:1      | Noticed a naga
     5 | D:1      | Noticed a human
     5 | D:1      | Noticed a ghoul
     5 | D:1      | Noticed a naga
     5 | D:1      | Killed an octopode
     8 | D:1      | 8 ||| DROPPING scroll of butterflies.
     9 | D:1      | Killed a naga
     9 | D:1      | Killed an ogre
    11 | D:1      | Killed a human
    12 | D:1      | Killed a formicid
    13 | D:1      | Killed a ghoul
    15 | D:1      | Killed a demigod
    15 | D:1      | Killed a troll
    16 | D:1      | Killed a merfolk
    17 | D:1      | Killed an octopode
    17 | D:1      | Killed a dwarf
    18 | D:1      | Killed a naga
    20 | D:1      | Killed a ghoul
    82 | D:1      | Reached XP level 2. HP: 25/25 MP: 1/1
   133 | D:1      | Reached skill level 5 in Ranged Weapons
   272 | D:1      | Reached skill level 3 in Fighting
   410 | D:1      | Reached XP level 3. HP: 31/31 MP: 2/2
   557 | D:1      | 557 ||| UPGRADING to +0 pair of gloves.
   562 | D:1      | 562 ||| UPGRADING to ring of resist corrosion.
   563 | D:1      | 563 ||| READING scroll labelled POYMYPTOWULL.
   721 | D:2      | Found a stormy altar of Qazlal.
  1009 | D:2      | Reached skill level 6 in Ranged Weapons
  1009 | D:2      | Reached XP level 4. HP: 35/38 MP: 3/3
  1114 | D:2      | Reached skill level 1 in Armour
  1352 | D:2      | 1352 ||| READING 2 scrolls labelled TIDOYTWAEGYIS.
  1353 | D:2      | 1353 ||| READING scroll labelled MEKAGI NYCH.
  1354 | D:2      | 1354 ||| READING scroll labelled ZIKKOE MIGASA.
  1683 | D:3      | Reached XP level 5. HP: 45/46 MP: 4/4
  2017 | D:3      | 2017 ||| UPGRADING to +2 cloak.
  2022 | D:3      | 2022 ||| DROPPING ring of wizardry.
  2023 | D:3      | 2023 ||| READING 2 scrolls of identify.
  2023 | D:3      | 2023 ||| IDENTIFYING black potion
  2024 | D:3      | 2024 ||| DROPPING potion of lignification.
  2051 | D:4      | 2051 ||| PLANNING SEWER
  2252 | D:4      | Found a staircase to the Ecumenical Temple.
  2455 | D:4      | HP: 6/46 [orc/+0 flail (7)]
  2457 | D:4      | Slain by an orc

Levels and vault maps discovered:
D:1:      nicolae_arrival_kraken_aquarium_b, layout_basic, chequers_jeans
D:2:      layout_loops_ring, basic_altar, kennysheep_cluttered_room,
          minmay_misc_feat_four_crosses, minivault_4, nicolae_half_adder
D:3:      layout_rooms, minmay_randomly_rotated_circles
D:4:      layout_basic, minmay_temple_entry_statues_pillars,
          portal_sewer_entry_d

Skill      XL: |  1  2  3  4 |
---------------+-------------+-----
Ranged Weapons | 5 6 |  6.8
Fighting       | 3 4 |  4.0
Armour         | 1 |  1.0
Dodging        | |  2.1
Stealth        | |  0.7

Action                     |  1- 3 |  4- 6 || total
---------------------------+-------+-------++-------
   Fire: Shortbow          |   129 |   143 ||   272
    Use: Scroll            |     1 |     4 ||     5
 Armour: Leather armour    |    11 |    22 ||    33
  Dodge: Dodged            |    22 |    51 ||    73

Table legend:
 A = Non-vault XP
 B = Vault XP
 C = Vault XP percentage of total XP
 D = Non-vault monster count
 E = Vault monster count
 F = Vault count percentage of total count
                 A         B        C        D         E       F
            +---------+---------+-------+---------+---------+-------
      Total |     231 |      63 |  21.4 |      86 |       9 |   9.5
            +---------+---------+-------+---------+---------+-------
        D:1 |      46 |       0 |   0.0 |      26 |       0 |   0.0
        D:2 |      47 |      27 |  36.5 |      25 |       2 |   7.4
        D:3 |      75 |      23 |  23.5 |      25 |       6 |  19.4
        D:4 |      63 |      13 |  17.1 |      10 |       1 |   9.1
            +---------+---------+-------+---------+---------+-------
